 Dungeon Crawl Stone Soup version 0.31-a0-167-g1c394c0614 (webtiles) character file.

Game seed: 2906460991143254194

54 qw the Shooter (level 3, -1/22 HPs)
             Began as a Gargoyle Hunter on June 14, 2023.
             Slain by Natasha (6 damage)
             ... on level 2 of the Dungeon.
             The game lasted 00:00:25 (925 turns).

qw the Shooter (Gargoyle Hunter)                     Turns: 925, Time: 00:00:26

Health: -1/22      AC:  7    Str: 14    XL:     3   Next: 91%
Magic:  3/3        EV: 11    Int:  9    God:
Gold:   61         SH:  0    Dex: 15    Spells: 2/2 levels left

rFire   . . .        Y - +0 shortbow
rCold   . . .        (shield currently unavailable)
rNeg    + . .        c - +0 leather armour
rPois   inf          (no helmet)
rElec   +            e - +0 cloak
rCorr   .            (no gloves)
SInv    .            (no boots)
Will    .....        (no amulet)
Stlth   ++           (no ring)
HPRegen 0.23/turn    (no ring)
MPRegen 0.08/turn

%: no passive effects
@: about to teleport
A: sickness immunity, AC +3, negative energy resistance 1, electricity
resistance, torment resistance 1, petrification resistance
a: no special abilities


You were on level 2 of the Dungeon.
You visited 1 branch of the dungeon, and saw 2 of its levels.

You collected 61 gold pieces.


Innate Abilities, Weirdness & Mutations

You are immune to sickness and miasma.
Your stone body is resilient. (AC +3)
You are immune to poison.
You resist negative energy. (rN+)
You are resistant to electric shocks. (rElec)
You are resistant to unholy torment.
You are immune to petrification.


   Skills:
 + Level 2.3 Fighting
 - Level 5.3 Ranged Weapons
 - Level 1.5 Dodging
 - Level 1.1 Stealth


You had 2 spell levels left.
You didn't know any spells.
Your spell library was empty.

Inventory:

Hand Weapons
 Y - a +0 shortbow (weapon)
Armour
 c - a +0 leather armour (worn)
 e - a +0 cloak (worn)
Scrolls
 a - 2 scrolls of teleportation
 b - a scroll of identify {unknown}
Potions
 f - a potion of curing {unknown}

Dungeon Overview and Level Annotations

Branches:
Dungeon (2/15)

Altars:

Annotations:
D:2 Natasha


Message History

Natasha hisses angrily.
Natasha howls an incantation.
Natasha's front paws start to glow.
Enter note:
Enter note:
Enter note:
Enter note:
Enter note:
Enter note: You shoot an arrow.
The arrow closely misses Natasha.
You shoot an arrow. The arrow closely misses Natasha.
Natasha claws you.
You shoot an arrow. The arrow hits Natasha!
Natasha is heavily wounded.
Natasha mumbles some strange words.
Natasha shimmers violently.
Natasha claws you. Natasha barely misses you.
You shoot an arrow. The arrow hits Natasha.
Natasha is heavily wounded.
Natasha closely misses you.
You shoot an arrow. The arrow closely misses Natasha.
Natasha claws you.
You shoot an arrow. The arrow closely misses Natasha.
Natasha casts a spell.
You shoot an arrow. The arrow barely misses Natasha.
Natasha claws you.
The cerulean imp hits you but does no damage.
You shoot an arrow. The arrow closely misses Natasha.
Natasha claws you!
The cerulean imp hits you but does no damage.
924 ||| READING 3 scrolls of teleportation.
As you read the scroll of teleportation, it crumbles to dust.
You feel strangely unstable.
Natasha howls an incantation.
You feel troubled. Natasha closely misses you.
The cerulean imp hits you but does no damage.
You shoot an arrow. The arrow barely misses Natasha.
Natasha misses you. The cerulean imp completely misses you. Natasha claws you.
You die...

#... #####/..# ..
#.(## ...#...# . ..
..$. #####.#..### ..
#.....# ............
...
#.##..#######.#..###
.... .........#
#....# .....
........# #....#
......#.......#
#.#.###
......h@......#
#.#...#
......#.5.....#
#.#.#.# .....
#.......# #.#.#.##
.... #.......#
#......# ...
#.......###....... #.
#.#.#.#.###...>...) #
.....).............#
#.#.#.#.#.#....######
#...............#


You could see Natasha and a cerulean imp (summoned).

Vanquished Creatures
  Natasha (D:2)
  A worm (D:2)
  A dart slug (D:1)
  A bat (D:2)
  An endoplasm (D:1)
  A hobgoblin (D:1)
  5 jackals
  2 ball pythons
  A frilled lizard (D:1)
  2 goblins
  6 kobolds
  A rat (D:2)
23 creatures vanquished.

Notes
Turn   | Place    | Note
-------+----------+-------------------------------------------
     0 | D:1      | qw the Gargoyle Hunter began the quest for the Orb.
     0 | D:1      | Reached XP level 1. HP: 12/12 MP: 1/1
     0 | D:1      | 0 ||| qw: Version: 0.2-a-29-g1fa15c8
     0 | D:1      | 0 ||| qw: Game counter: 4962
     0 | D:1      | 0 ||| qw: Always use a shield: true
     0 | D:1      | 0 ||| qw: God list: Okawaru
     0 | D:1      | 0 ||| qw: Allow faded altars: false
     0 | D:1      | 0 ||| qw: Do Orc after D:15 true
     0 | D:1      | 0 ||| qw: Do second Lair branch before Depths: true
     0 | D:1      | 0 ||| qw: Lair rune preference: random
     0 | D:1      | 0 ||| qw: Plans: Normal, Zot:1-4, Slime:5, God:TSO, Crypt,
                  | Tomb, Abyss, Pan, Hells, Win
     0 | D:1      | 0 ||| PLANNING D:1-11
   184 | D:1      | Reached XP level 2. HP: 15/17 MP: 2/2
   422 | D:1      | 422 ||| FLEEEEING.
   654 | D:1      | 654 ||| UPGRADING to +0 cloak.
   659 | D:1      | 659 ||| READING 3 scrolls labelled SAFYET AFUK.
   664 | D:1      | 664 ||| DROPPING scroll of butterflies.
   678 | D:2      | 678 ||| STAIRDANCE
   752 | D:2      | Reached XP level 3. HP: 21/21 MP: 3/3
   839 | D:2      | Noticed Natasha
   848 | D:2      | Killed Natasha
   849 | D:2      | Reached skill level 5 in Ranged Weapons
   849 | D:2      | 849 ||| FLEEEEING.
   850 | D:2      | 850 ||| FLEEEEING.
   851 | D:2      | 851 ||| FLEEEEING.
   852 | D:2      | 852 ||| FLEEEEING.
   853 | D:2      | 853 ||| FLEEEEING.
   854 | D:2      | 854 ||| FLEEEEING.
   860 | D:2      | 860 ||| FLEEEEING.
   915 | D:2      | Noticed Natasha
   923 | D:2      | HP: 4/22 [Natasha (8)]
   924 | D:2      | 924 ||| READING 3 scrolls of teleportation.
   925 | D:2      | Slain by Natasha

Levels and vault maps discovered:
D:1:      kilobyte_arrival_exit_the_forest, layout_rooms
D:2:      layout_rooms, st_stairs_11, uniq_natasha

Skill      XL: |  1  2  3 |
---------------+----------+-----
Ranged Weapons | 5 |  5.3
Fighting       | |  2.3
Dodging        | |  1.5
Stealth        | |  1.1

Action                     || total
---------------------------++-------
   Fire: Shortbow          ||    88
    Use: Scroll            ||     2
 Armour: Leather armour    ||    24
  Dodge: Dodged            ||    36

Table legend:
 A = Non-vault XP
 B = Vault XP
 C = Vault XP percentage of total XP
 D = Non-vault monster count
 E = Vault monster count
 F = Vault count percentage of total count
                 A         B        C        D         E       F
            +---------+---------+-------+---------+---------+-------
      Total |      36 |      42 |  53.8 |      19 |       4 |  17.4
            +---------+---------+-------+---------+---------+-------
        D:1 |      24 |       2 |   7.7 |      14 |       1 |   6.7
        D:2 |      12 |      40 |  76.9 |       5 |       3 |  37.5
            +---------+---------+-------+---------+---------+-------
